 Dungeon Crawl Stone Soup version 0.24.1 (webtiles) character file.

Game seed: 278317537658822034, levelgen mode: deterministic

51846 Peloso the Peltast (level 14, 0/127 HPs)
             Began as a Minotaur Fighter on Apr 7, 2020.
             Was the Champion of Okawaru.
             Killed from afar by a hell hound (7 damage)
             ... with a blast of flame
             ... led by Azrael
             ... on level 10 of the Dungeon.
             The game lasted 00:46:25 (18395 turns).

Peloso the Peltast (Minotaur Fighter)              Turns: 18395, Time: 00:46:26

Health: 0/127      AC: 31    Str: 24    XL:     14   Next: 24%
Magic:  15/15      EV:  9    Int:  5    God:    Okawaru [******]
Gold:   1924       SH: 22    Dex: 12    Spells: 13/13 levels left

rFire    + . .     SeeInvis .   a - +4 scimitar (flame)
rCold    + . .     Gourm    .   c - +7 shield "Fauchism" {rPois rCorr Stlth-}
rNeg     . . .     Faith    +   M - +10 plate armour of Zin's Approval {Slay+4}
rPois    +         Spirit   .   D - +2 hat
rElec    +         Reflect  .   T - scarf {cloud immunity}
rCorr    +         Harm     .   O - +1 pair of gloves {archery}
MR       +....     Rnd*Tele +   z - +0 pair of boots
Stlth    ..........             j - amulet of faith
HPRegen  0.00/turn              E - +1 ring of slaying
MPRegen  0.14/turn              (no ring)

@: resistant
A: retaliatory headbutt, horns 2, inhibited regeneration, teleportitis 1
a: Heroism, Finesse, Renounce Religion


You were on level 10 of the Dungeon.
You worshipped Okawaru.
Okawaru was exalted by your worship.
You were hungry.

You visited 4 branches of the dungeon, and saw 21 of its levels.
You also visited: Trove and Volcano.

You collected 1924 gold pieces.

Inventory:

Hand Weapons
 a - a +4 scimitar of flaming (weapon)
 b - a +4 scimitar of flaming
Armour
 c - the +7 shield "Fauchism" (worn) {rPois rCorr Stlth-}
   (You found it in a treasure trove)

   It protects you from poison.
   It provides partial protection from all sources of acid and corrosion.
   It makes you less stealthy.
 z - a +0 pair of boots (worn)
 D - a +2 hat (worn)
 M - the +10 plate armour of Zin's Approval (worn) {Slay+4}
   (You found it in a treasure trove)

   It affects your accuracy and damage with ranged weapons and melee attacks
   (+4).
 O - a +1 pair of gloves of archery (worn)
 T - a scarf of cloud immunity (worn)
Jewellery
 g - an uncursed ring of resist corrosion
 j - an amulet of faith (around neck)
 q - an uncursed ring of poison resistance
 r - a +3 ring of dexterity
 v - an uncursed ring of ice
 E - a +1 ring of slaying (left hand)
Wands
 F - a wand of paralysis (7)
 H - a wand of flame (49)
 I - a wand of scattershot (6)
Scrolls
 h - a scroll of acquirement {unknown}
 l - 3 scrolls of fog
 m - a scroll of holy word {unknown}
 n - 2 scrolls of magic mapping
 s - 6 scrolls of teleportation
 t - 3 scrolls of random uselessness {unknown}
 u - 3 scrolls of amnesia {unknown}
 x - 3 scrolls of immolation {unknown}
 y - a scroll of silence {unknown}
 A - 3 scrolls of enchant weapon {unknown}
 B - 5 scrolls of remove curse
 N - a scroll of brand weapon {unknown}
 Q - 2 scrolls of noise {unknown}
 S - 3 scrolls of fear {unknown}
 V - a scroll of blinking {unknown}
Potions
 d - 5 potions of might
 e - 5 potions of flight
 i - 3 potions of resistance
 k - 2 potions of berserk rage
 o - a potion of heal wounds
 p - a potion of ambrosia {unknown}
 w - a potion of brilliance
 C - a potion of magic {unknown}
 J - a potion of degeneration
 K - a potion of agility
 L - a potion of haste {unknown}
Comestibles
 f - 32 rations


   Skills:
 + Level 12.4 Fighting
 + Level 15.1 Long Blades
 + Level 12.0 Armour
 + Level 5.1 Dodging
 + Level 1.2 Stealth
 + Level 17.4 Shields
 + Level 2.8 Invocations
 + Level 0.9 Evocations


You had 13 spell levels left.
You didn't know any spells.
Your spell library contained the following spells:

 Spells                   Type           Power        Failure   Level  Hunger
 Shock                    Conj/Air       #...         99%         1    ##.....
 Swiftness                Chrm/Air       #.......     100%        2    ###....
 Static Discharge         Conj/Air       #.......     100%        3    ####...
 Airstrike                Air            #.........   100%        4    #####..
 Lightning Bolt           Conj/Air       #.........   100%        5    ######.


Dungeon Overview and Level Annotations

Branches:
Dungeon (14/15)            Temple (1/1) D:5            Lair (4/6) D:10
  Swamp (0/4) Lair:2        Snake (0/4) Lair:3          Orc (2/2) D:10
    Elf (0/3) Orc:2        Vaults (0/5) D:13        Volcano (visited)

Altars:
Ashenzari
Cheibriados
Elyvilon
Fedhas
Kikubaaqudgha
Makhleb
Okawaru
Sif Muna
Trog
Uskayaw
Vehumet
Xom
Zin
The Shining One

Shops:
D:10 *[


Innate Abilities, Weirdness & Mutations

You reflexively headbutt those who attack you in melee.
You have a pair of horns on your head.
You do not regenerate when monsters are visible.
You are occasionally teleported next to monsters.


Message History

The hell hound closely misses you.
You see here a +0 scimitar of flaming.
You block the fire elemental's attack. You block the hell hound's attack.
You block the fire elemental's attack. You block the fire elemental's attack.
You block the hell hound's attack.
You feel like a meek peon again.
There is a staircase back to the Dungeon here.
You block the hell hound's attack. You block the fire elemental's attack.
The hell hound bites you.
* * * LOW HITPOINT WARNING * * *
You climb upwards.
Welcome back to the Dungeon!
There is a staircase to the Orcish Mines here.
You block the fire elemental's attack. You block the fire elemental's attack.
The hell hound bites you but does no damage.
The hell hound breathes flames at you.
The blast of flame hits the fire elemental.
The fire elemental completely resists.
The blast of flame hits you! You resist.
You die...

############### #.#.....#8...8#
#.#.#.#.#.....############ ###
#...#.#.#.○>..#....<.....### ..#
#.###.#.#..☼h.#..........'.. #.#
#...#.#.#8.E.8#..........##. #.##
###.#.#.###@###..........##.
#..###..<#...[[[)"....>....<..##.
##...')#############..........##.
#####.#.....# #...........###
#.#.###.# #...........# #...#...#
########'#### ##'###### ##..#
#.## ###..## #..# #...## #


You could see a fire elemental and a hell hound.

Vanquished Creatures
  Rupert (D:13)
  An ironheart preserver (D:13)
  Azrael (Orc:1)
  Snorg (D:10)
  5 hydras
  A centaur warrior (D:14)
  3 two-headed ogres
  A death knight (D:11)
  A tengu warrior (D:13)
  A deep elf knight (D:9)
  Nergalle (Lair:1)
  Sonja (D:10)
  Pikel (D:5)
  An oklob plant (Lair:4)
  A cyclops (D:13)
  3 ugly things
  2 manticores (D:13)
  5 gargoyles (D:7)
  6 molten gargoyles (Volcano)
  Joseph (D:7)
  6 spiny frogs
  4 kobold demonologists
  A freezing wraith (D:11)
  3 efreet
  4 red devils (D:12)
  A tengu conjurer (D:13)
  3 meliai (D:13)
  4 trolls
  4 dream sheep (Lair:4)
  2 hippogriffs (D:8)
  12 blink frogs
  4 wraiths
  3 basilisks
  4 hogs (D:7)
  2 wyverns
  30 yaks
  6 fire elementals
  A steam dragon (D:7)
  4 hungry ghosts
  4 vampire mosquitoes (D:11)
  Grum (D:10)
  A human (D:7)
  3 nagas (Lair:3)
  A soldier ant (D:10)
  9 water moccasins
  A hell hound (Orc:1)
  3 porcupines
  11 orc warriors
  2 phantoms
  2 ice beasts
  5 ogres
  5 sky beasts
  A slave (D:5)
  A black bear (D:10)
  An eye of draining (D:13)
  2 wolves (D:10)
  14 centaurs
  5 crocodiles
  4 big kobolds
  4 gnoll sergeants
  24 bullfrogs
  7 scorpions
  A water moccasin skeleton (D:11)
  14 killer bees
  4 electric eels
  17 wights
  7 crimson imps
  3 centaur zombies
  5 bullfrog zombies
  2 quasits
  A lava snake (D:7)
  10 hounds
  10 orc priests
  4 centaur skeletons
  4 jellies
  11 orc wizards
  Crazy Yiuf (D:2)
  An iguana (D:10)
  A killer bee zombie (D:9)
  14 worker ants
  A hound zombie (D:10)
  3 hound skeletons
  A worker ant zombie (D:6)
  9 gnolls
  12 adders
  An adder zombie (D:9)
  3 worms (D:2)
  4 dart slugs
  10 leopard geckos
  40 orcs
  2 ball pythons
  11 bats
  4 giant cockroaches
  17 goblins
  10 hobgoblins
  21 jackals
  22 kobolds
  7 quokkas
  6 frilled lizards
  A jackal skeleton (D:4)
  A leopard gecko zombie (D:8)
  8 rats
  2 fire vortices (Volcano)
  A plant (Lair:3)
554 creatures vanquished.

Vanquished Creatures (others)
  2 slaves (D:5)
  A fire vortex (Volcano)
  A fungus (Lair:3)
4 creatures vanquished.

Grand Total: 558 creatures vanquished

Notes
Turn   | Place    | Note
-------+----------+-------------------------------------------
     0 | D:1      | Peloso the Minotaur Fighter began the quest for the Orb.
     0 | D:1      | Reached XP level 1. HP: 19/19 MP: 0/0
   281 | D:1      | Reached XP level 2. HP: 27/27 MP: 1/1
   408 | D:1      | Reached skill level 4 in Shields
   645 | D:1      | Reached XP level 3. HP: 33/33 MP: 2/2
  1289 | D:2      | Reached XP level 4. HP: 18/40 MP: 3/3
  1798 | D:2      | Found a runed translucent door.
  1799 | D:2      | Noticed Crazy Yiuf
  1806 | D:2      | Killed Crazy Yiuf
  1806 | D:2      | Reached skill level 5 in Shields
  1892 | D:2      | Reached skill level 1 in Dodging
  1939 | D:3      | Reached XP level 5. HP: 44/46 MP: 4/4
  2175 | D:3      | Found a faded altar of an unknown god.
  2629 | D:4      | Reached skill level 5 in Armour
  2629 | D:4      | Reached XP level 6. HP: 51/53 MP: 5/5
  3016 | D:4      | Reached skill level 5 in Long Blades
  3016 | D:4      | Reached XP level 7. HP: 31/60 MP: 6/6
  3327 | D:5      | Entered Level 5 of the Dungeon
  3333 | D:5      | Found a shimmering blue altar of Sif Muna.
  3440 | D:5      | Reached skill level 6 in Shields
  3472 | D:5      | Noticed Pikel
  3490 | D:5      | Killed Pikel
  3490 | D:5      | Reached skill level 5 in Fighting
  3490 | D:5      | Reached skill level 7 in Shields
  3490 | D:5      | Reached XP level 8. HP: 39/68 MP: 7/7
  3540 | D:5      | Found a staircase to the Ecumenical Temple.
  3551 | Temple   | Entered the Ecumenical Temple
  3567 | Temple   | Became a worshipper of Warmaster Okawaru
  4221 | D:6      | Found a radiant altar of Vehumet.
  4347 | D:6      | Reached * piety under Okawaru
  4651 | D:6      | Reached skill level 8 in Shields
  5146 | D:7      | Noticed Joseph
  5159 | D:7      | Killed Joseph
  5159 | D:7      | Reached XP level 9. HP: 65/75 MP: 5/8
  5184 | D:7      | Found a white marble altar of Elyvilon.
  5187 | D:7      | Reached ** piety under Okawaru
  5699 | D:7      | Reached skill level 1 in Invocations
  5738 | D:7      | Reached skill level 9 in Shields
  6139 | D:7      | Noticed a gargoyle
  6146 | D:7      | Killed a gargoyle
  6146 | D:7      | Reached *** piety under Okawaru
  6146 | D:7      | Reached skill level 10 in Long Blades
  6287 | D:7      | Noticed a gargoyle
  6312 | D:7      | Killed a gargoyle
  6312 | D:7      | Reached XP level 10. HP: 11/84 MP: 6/10
  6619 | D:7      | Noticed a gargoyle
  6626 | D:7      | Killed a gargoyle
  6626 | D:7      | Reached skill level 1 in Stealth
  6640 | D:7      | Noticed a gargoyle
  6654 | D:7      | Killed a gargoyle
  6654 | D:7      | Reached skill level 10 in Shields
  6735 | D:7      | Noticed a gargoyle
  6741 | D:7      | Killed a gargoyle
  6741 | D:7      | Reached **** piety under Okawaru
  8461 | D:9      | Found a transporter.
  8464 | D:9      | Reached skill level 11 in Shields
  8465 | D:9      | Noticed a deep elf knight
  8494 | D:9      | Found a transporter.
  8720 | D:9      | Reached ***** piety under Okawaru
  9536 | D:9      | Reached XP level 11. HP: 90/94 MP: 11/11
  9574 | D:10     | Entered Level 10 of the Dungeon
  9598 | D:10     | Found a portal to a secret trove of treasure.
  9617 | Trove    | Entered a treasure trove
  9623 | Trove    | Got a pearl-encrusted plate armour
  9634 | Trove    | Identified the +10 plate armour of Zin's Approval {Slay+4}
                  | (You found it in a treasure trove)
  9635 | Trove    | Got a warped plate armour
  9646 | Trove    | Identified the +7 plate armour of Love and Death {*Contam
                  | rC+ rN+++} (You found it in a treasure trove)
  9653 | Trove    | Got a faintly glowing shield
  9659 | Trove    | Identified the +7 shield "Fauchism" {rPois rCorr Stlth-}
                  | (You found it in a treasure trove)
  9691 | Trove    | Got a pitted leather armour
  9797 | D:10     | Found a staircase to the Lair.
  9815 | D:10     | Found Ohuitot's Armour Boutique.
  9847 | D:10     | Found Cosmosti's General Store.
  9876 | D:10     | Noticed Grum
  9883 | D:10     | Killed Grum
  9946 | D:10     | Noticed Snorg
  9959 | D:10     | Killed Snorg
 10215 | D:10     | Found a staircase to the Orcish Mines.
 10258 | D:10     | Reached skill level 12 in Shields
 10366 | D:10     | Noticed Sonja
 10370 | D:10     | Killed Sonja
 10530 | D:11     | Noticed a two-headed ogre
 10540 | D:11     | Killed a two-headed ogre
 10595 | D:11     | Reached skill level 10 in Armour
 10834 | D:11     | Noticed a red ugly thing
 10853 | D:11     | Killed a red ugly thing
 10853 | D:11     | Reached skill level 13 in Shields
 10927 | D:11     | Noticed a green ugly thing
 10953 | D:11     | Reached XP level 12. HP: 101/104 MP: 12/12
 11120 | D:11     | Noticed a death knight
 11157 | D:11     | Killed a death knight
 11931 | D:12     | Noticed a two-headed ogre
 11939 | D:12     | Killed a two-headed ogre
 11939 | D:12     | Reached skill level 14 in Shields
 12028 | D:12     | Reached skill level 10 in Fighting
 12916 | D:9      | Gained mutation: You do not regenerate when monsters are
                  | visible. [a neqoxec]
 12918 | D:9      | Gained mutation: You are occasionally teleported next to
                  | monsters. [a neqoxec]
 13043 | Lair:1   | Entered Level 1 of the Lair of Beasts
 13128 | Lair:1   | Found a dark tunnel.
 13139 | Volcano  | Entered a volcano
 13317 | Volcano  | HP: 2/108 [molten gargoyle/bolt of magma (22)]
 13729 | Lair:1   | Reached skill level 15 in Shields
 13904 | Lair:1   | Noticed a six-headed hydra
 13910 | Lair:1   | Killed a four-headed hydra
 13910 | Lair:1   | Reached XP level 13. HP: 109/114 MP: 14/14
 14070 | Lair:1   | Noticed Nergalle
 14079 | Lair:1   | Killed Nergalle
 14079 | Lair:1   | Received a gift from Okawaru
 14410 | Lair:1   | Identified the +2 leather armour of Irchim {Str+6 Int-2
                  | Stlth+} (You found it in a treasure trove)
 14516 | Lair:2   | Found a staircase to the Swamp.
 15118 | Lair:3   | Found a staircase to the Snake Pit.
 15290 | Lair:3   | Received a gift from Okawaru
 15292 | Lair:3   | Reached skill level 5 in Dodging
 15938 | Lair:4   | Reached skill level 16 in Shields
 16020 | Lair:4   | Received a gift from Okawaru
 16267 | Lair:4   | Found an ancient bone altar of Kikubaaqudgha.
 17105 | D:13     | Found a gate to the Vaults.
 17105 | D:13     | Noticed an ironheart preserver
 17118 | D:13     | Reached ****** piety under Okawaru
 17150 | D:13     | Received a gift from Okawaru
 17157 | D:13     | Killed an ironheart preserver
 17166 | D:13     | Reached skill level 17 in Shields
 17166 | D:13     | Reached XP level 14. HP: 105/126 MP: 15/15
 17790 | D:14     | Received a gift from Okawaru
 17790 | D:14     | Reached skill level 15 in Long Blades
 17797 | D:14     | Noticed Rupert
 17824 | D:13     | Killed Rupert
 18170 | Orc:1    | Entered Level 1 of the Orcish Mines
 18317 | Orc:2    | Entered Level 2 of the Orcish Mines
 18317 | Orc:2    | Found a staircase to the Elven Halls.
 18317 | Orc:2    | Noticed Azrael
 18324 | Orc:1    | Killed Azrael
 18373 | Orc:1    | Noticed an orc warlord
 18395 | D:10     | Killed from afar by a hell hound

Levels and vault maps discovered:
D:1:      minmay_arrival_split_and_join, layout_loops_corners
D:2:      layout_loops_ring, first_ration, uniq_crazy_yiuf_cottage
D:3:      layout_loops_cross, chequers_ecumenical_altar_grove, minivault_4
D:4:      minmay_evil_eye, layout_basic
D:5:      layout_loops_ring, minmay_temple_entry_poolview, basic_altar,
          uniq_pikel
D:6:      layout_gridville, vehumet_crystals
D:7:      cheibrodos_statue_roulette, layout_loops_ring, grunt_livestock,
          nicolae_lava_and_water, chequers_serial_rivers_small_a,
          elyvilon_altar_3, uniq_joseph
D:8:      layout_basic
D:9:      gammafunk_wand_slinger, layout_rooms
D:10:     layout_roguey, lair_entry_dummy,
          kennysheep_orc_monster_closet_entryway, nicolae_trove_entry_crossroad,
          serial_shops, nicolae_shop_window_shopping,
          nicolae_shop_temple_entry_statues_fountains, uniq_snorg, uniq_sonja,
          uniq_grum
D:11:     layout_long_grid, glass_columns_c
D:12:     layout_gridville, einodemon_armed_red_devil_minivault
D:13:     layout_basic, skrybe_vaults_entry_preservation
D:14:     layout_cave_pools, minivault_23, uniq_rupert
Temple:   compressed_dpeg_triangle_lava_temple
Lair:1:   layout_concentric_octagons, enter_volcano_1, uniq_nergalle
Lair:2:   layout_hall_layers, swamp_mist_pool, beast_lair_carwin_5
Lair:3:   layout_chaotic_city, guppyfry_snake_entry_island, serial_bayou_lake_a
Lair:4:   layout_gridlike, lemuel_centaur_altar
Orc:1:    layout_caves
Orc:2:    st_orc_mages, layout_caves, uniq_azrael

Skill      XL: |  1  2  3  4  5  6  7  8  9 10 11 12 13 14 |
---------------+-------------------------------------------+-----
Fighting       | 4 5 6 8 9 10 12 | 12.4
Armour         | 4 5 6 7 8 9 10 11 12 | 12.0
Shields        | 4 5 7 8 9 11 13 15 17 | 17.4
Long Blades    | 3 4 5 6 8 10 11 13 14 15 | 15.1
Dodging        | 1 2 3 4 5 |  5.1
Invocations    | 1 2 |  2.8
Stealth        | 1 |  1.2
Evocations     | |  0.9

Action                   |  1- 3 |  4- 6 |  7- 9 | 10-12 | 13-15 || total
-------------------------+-------+-------+-------+-------+-------++-------
Melee: Long sword        |   109 |   176 |   303 |   960 |       ||  1548
       Headbutt          |    13 |    31 |    83 |   289 |    93 ||   509
       Scimitar          |       |       |       |    66 |   379 ||   445
Invok: Heroism           |       |       |     5 |    12 |     4 ||    21
Evoke: Wand              |       |       |     3 |     3 |       ||     6
  Use: Potion            |       |     4 |       |     6 |     2 ||    12
       Scroll            |       |     3 |     4 |     7 |     5 ||    19
  Eat: Chunk             |     1 |     6 |    10 |    10 |    14 ||    41
       Ration            |       |       |       |     5 |       ||     5
Armor: Scale mail        |    77 |    75 |    35 |       |       ||   187
       Chain mail        |       |       |    47 |   110 |       ||   157
       Plate armour      |       |       |       |   204 |   225 ||   429
Dodge: Dodged            |    38 |    57 |    75 |   229 |   104 ||   503
Block: Shield            |    82 |   105 |   165 |   844 |   542 ||  1738
       Rpst.: Long sword |     6 |    13 |    18 |    54 |       ||    91
       Scimitar          |       |       |       |       |    17 ||    17
